 Dungeon Crawl Stone Soup version 0.27-a0-1347-gd8886f0a89 (webtiles) character file.

Game seed: 5739197050119010256

360 funkygono the Gusty (level 6, 0/34 HPs)
             Began as a Tengu Air Elementalist on June 27, 2021.
             Slain by a human zombie (4 damage)
             ... in an ossuary.
             The game lasted 00:06:52 (4127 turns).

funkygono the Gusty (Tengu Air Elementalist)        Turns: 4127, Time: 00:06:52

Health: 0/34       AC:  4    Str:  8    XL:     6   Next: 65%
Magic:  1/21       EV: 15    Int: 18    God:
Gold:   57         SH:  0    Dex: 14    Spells: 2/12 levels left

rFire    . . .     SeeInvis .   c - +2 club (drain)
rCold    . . .     Faith    .   (no shield)
rNeg     . . .     Spirit   .   a - +1 robe
rPois    .         Reflect  .   (helmet restricted)
rElec    .         Harm     .   (no cloak)
rCorr    .         Rampage  .   g - +0 pair of gloves
Will     .....                  (boots unavailable)
Stlth    ++........             (no amulet)
HPRegen  0.11/turn              p - ring of magical power
MPRegen  0.17/turn              (no ring)

@: flying quickly and evasively, quick
A: beak, talons 3, nimble flight
a: no special abilities


You were in an ossuary.
You visited 1 branch of the dungeon, and saw 4 of its levels.
You also visited: Ossuary.

You collected 57 gold pieces.

Inventory:

Hand Weapons
 c - a +2 club of draining (weapon)
 e - a +0 whip
Missiles
 q - a throwing net
Armour
 a - a +1 robe (worn)
 b - a +0 leather armour
 g - a +0 pair of gloves (worn)
Jewellery
 j - a ring of wizardry
 p - a ring of magical power (left hand)
Scrolls
 k - a scroll of identify
 m - a scroll of magic mapping
Potions
 f - a potion of brilliance
 h - a potion of curing {unknown}
 i - a potion of attraction {unknown}
 n - 2 potions of resistance


   Skills:
 + Level 1.2 Fighting
 + Level 1.5 Maces & Flails
 + Level 2.8 Dodging
 - Level 2.0 Stealth
 + Level 3.6 Spellcasting
 + Level 3.7 Conjurations
 + Level 6.5 Air Magic


You had 2 spell levels left.
You knew the following spells:

 Your Spells              Type           Power      Damage    Failure   Level
a - Shock                 Conj/Air       84%        1d8       1%          1
b - Static Discharge      Conj/Air       21%        N/A       2%          2
c - Swiftness             Air            26%        N/A       3%          3
d - Airstrike             Air            13%        N/A       11%         4

Your spell library contained the following spells:

 Spells                   Type           Power      Damage    Failure   Level
 Beastly Appendage        Tmut           6%         N/A       16%         1
 Freeze                   Ice            12%        1d4       16%         1
 Passwall                 Tmut/Erth      2%         N/A       24%         2
 Wereblood                Tmut           3%         N/A       24%         2
 Frozen Ramparts          Ice            6%         1d2       43%         3
 Ozocubu's Armour         Ice            3%         N/A       43%         3
 Spider Form              Tmut/Pois      1%         N/A       43%         3
 Lightning Bolt           Conj/Air       10%        1d23      45%         5
 Hailstorm                Conj/Ice       9%         3d4       56%         4
 Ice Form                 Ice/Tmut       3%         N/A       83%         4
 Passage of Golubria      Tloc           N/A        N/A       83%         4
 Lee's Rapid Deconstruct  Erth           1%         3d5*      99%         5
 Metabolic Englaciation   Hex/Ice        1%         N/A       99%         5
 Invisibility             Hex            1%         N/A       100%        6


Dungeon Overview and Level Annotations

Branches:
Dungeon (4/15)            Ossuary (1/1)
 Temple: D:4-7

Altars:
Ashenzari
Wu Jian


Innate Abilities, Weirdness & Mutations

You have a beak for a mouth.
You have claws for feet.
Your magical nature lets you fly swiftly and evasively.


Message History

The human zombie is struck by an arc of lightning.
The human zombie is severely damaged.
The lightning grounds out.
The human zombie hits you.
* * * LOW HITPOINT WARNING * * *
The human zombie closely misses you. The human zombie hits you.
* * * LOW HITPOINT WARNING * * *
The human zombie barely misses you.
You feel much better. The human zombie hits you. x3
Casting: Static Discharge (safe; 3% risk of failure)
Confirm with . or Enter, or press ? or * to list all spells.
The human zombie is struck by an arc of lightning.
The human zombie is severely damaged.
You are struck by an arc of lightning.
The human zombie is struck by an arc of lightning.
The human zombie is almost destroyed.
The lightning grounds out.
The human zombie is struck by an arc of lightning.
The human zombie is almost destroyed.
The human zombie is struck by an arc of lightning.
The human zombie is severely damaged.
The lightning grounds out.
The human zombie hits you. x2
* * * LOW HITPOINT WARNING * * *
You hit the human zombie. You claw the human zombie.
You destroy the human zombie!
The human zombie closely misses you. The human zombie hits you.
* * * LOW HITPOINT WARNING * * *
The human zombie hits you.
* * * LOW HITPOINT WARNING * * *
You hit the human zombie. You claw the human zombie. You peck the human zombie.
The human zombie is almost destroyed.
The human zombie barely misses you. x2; The human zombie closely misses you.
You hit the human zombie.
You claw the human zombie, but do no damage.
The human zombie is almost destroyed.
The human zombie hits you but does no damage.
The human zombie misses you. The human zombie closely misses you.
You hit the human zombie.
You destroy the human zombie!
The human zombie closely misses you. The human zombie hits you.
You die...

...............
...............
...............
...............
...............
...............
.......∩Z......
.......@.......
........Z......
...............
...............
...............
...............
...............
...............


You could see 2 human zombies.

Vanquished Creatures
  A phantom (D:3)
  A scorpion (D:4)
  2 human zombies (Ossuary)
  A gnoll shaman (D:4)
  8 gnolls
  2 adders (D:2)
  An adder skeleton (D:4)
  6 dart slugs
  2 orcs
  6 endoplasms
  2 giant cockroaches
  4 goblins
  3 hobgoblins
  3 quokkas
  5 ball pythons
  5 bats
  5 frilled lizards
  3 hobgoblin zombies (Ossuary)
  A jackal zombie (Ossuary)
  3 kobolds
  2 orc zombies (Ossuary)
  9 rats
  2 rat zombies (Ossuary)
77 creatures vanquished.

Notes
Turn   | Place    | Note
-------+----------+-------------------------------------------
     0 | D:1      | funkygono the Tengu Air Elementalist began the quest for
                  | the Orb.
     0 | D:1      | Reached XP level 1. HP: 10/10 MP: 4/4
   127 | D:1      | Reached XP level 2. HP: 14/15 MP: 0/6
   196 | D:1      | Learned a level 2 spell: Static Discharge
  1002 | D:1      | Found a faded altar of an unknown god.
  1015 | D:1      | Found a faded altar of an unknown god.
  1049 | D:1      | Reached XP level 3. HP: 19/19 MP: 5/7
  1147 | D:1      | Learned a level 3 spell: Swiftness
  1184 | D:2      | Reached skill level 5 in Air Magic
  1947 | D:2      | Reached XP level 4. HP: 24/24 MP: 6/8
  2580 | D:3      | Noticed a phantom
  2617 | D:3      | Killed a phantom
  2618 | D:3      | Reached skill level 1 in Fighting
  2618 | D:3      | Reached skill level 1 in Maces & Flails
  2618 | D:3      | Gained mutation: Your magical nature lets you fly swiftly
                  | and evasively. [Tengu growth]
  2618 | D:3      | Reached XP level 5. HP: 10/29 MP: 0/10
  2881 | D:3      | Reached skill level 6 in Air Magic
  3194 | D:3      | Found an ornate altar of the Wu Jian Council.
  3194 | D:3      | Found a broken altar of Ashenzari.
  3737 | D:3      | Learned a level 4 spell: Airstrike
  3914 | D:4      | Reached XP level 6. HP: 13/34 MP: 9/11
  4053 | D:4      | Found a sand-covered staircase.
  4107 | Ossuary  | Entered an ossuary
  4127 | Ossuary  | Slain by a human zombie

Illustrated notes

Levels and vault maps discovered:
D:1:      tarquinn_simple_flora_water_e, layout_loops_ring,
          hellmonk_ecumenical_altar_the_god_not_taken
D:2:      layout_basic
D:3:      layout_loops_corners, gammafunk_temple_overflow_wave,
          eino_tiny_chamber, kennysheep_generic_room_3
D:4:      layout_cave_pools, enter_ossuary_2
Ossuary:  ossuary_minmay_tomb_2a

Skill      XL: |  1  2  3  4  5 |
---------------+----------------+-----
Air Magic      | 5 6 |  6.5
Conjurations   | 2 3 |  3.7
Fighting       | 1 |  1.2
Maces & Flails | 1 |  1.5
Spellcasting   | 3 |  3.6
Dodging        | |  2.8
Stealth        | |  2.0

Action                   |  1- 3 |  4- 6 || total
-------------------------+-------+-------++-------
Melee: Unarmed           |     4 |       ||     4
       Peck              |     1 |     4 ||     5
       Club              |    13 |    21 ||    34
       Kick              |     1 |     5 ||     6
 Cast: Shock             |    59 |    84 ||   143
       Static Discharge  |       |     9 ||     9
  Use: Scroll            |     5 |     8 ||    13
       Potion            |       |     2 ||     2
Armor: Robe              |     6 |    10 ||    16
Dodge: Dodged            |    16 |    40 ||    56

Table legend: (Time is in decaauts)
 A = Elapsed time spent in this place.
 B = Non-inter-level travel time spent in this place.
 C = Inter-level travel time spent in this place.
 D = Time resting spent in this place.
 E = Time spent auto-exploring this place.
 F = Levels seen in this place.
 G = Mean time per level.
                   A        B        C        D        E       F      G
               +--------+--------+--------+--------+--------+-----+--------+
         Total |   4051 |   3987 |     64 |    293 |   3177 |   5 |  810.2 |
       Dungeon |   4031 |   3967 |     64 |    293 |   3177 |   4 | 1007.8 |
       Ossuary |     20 |     20 |      0 |      0 |      0 |   1 |   20.0 |
               +--------+--------+--------+--------+--------+-----+--------+

Top non-repeatable levels by time:
     D:3: 1405 daAuts
     D:1: 1163 daAuts
     D:2: 1134 daAuts
     D:4: 326 daAuts
 Ossuary: 20 daAuts
